groovejumper, chaotic female elven Wizard ----- |...| ##....| # |..<| # -.--- # # # # # # # ---.-# #|...|# #-...@# |..Z| |....# |(..| ----- groovejumper the Thaumaturge Experience level: 8 Strength: 13 Dexterity: 9 Constitution: 15 Intelligence: 20 Wisdom: 11 Charisma: 9 Health: 0(51) Energy: 13(112) AC: 9 Gold: 1047 Moves: 5078 Your Inventory: Coins $ - 1047 gold pieces Weapons a - a blessed +1 quarterstaff (weapon in hands) Armor b - an uncursed +0 cloak of magic resistance (being worn) o - an [uncursed +0] hooded cloak [of reflection (dwarvish)] Comestibles p - an uncursed lizard corpse q - 5 uncursed food rations B - an [uncursed] melon F - 2 uncursed fortune cookies H - an uncursed orange K - an [uncursed] cram ration L - 2 [uncursed] avacados M - a cursed tin of spinach N - an uncursed apple W - an [uncursed] pancake Scrolls h - a [blessed] unlabeled scroll [of blank paper] j - 2 uncursed scrolls of create monster k - a blessed scroll of teleportation s - 2 [uncursed] unlabeled scrolls [of blank paper] w - an uncursed scroll of destroy armor X - an [uncursed] scroll of teleportation Spellbooks l - a blessed spellbook of force bolt r - an [uncursed] spellbook of healing z - an [uncursed] spellbook of protection E - an [uncursed] spellbook of extra healing G - an uncursed spellbook of identify J - an [uncursed] spellbook of light T - an uncursed spellbook of magic mapping Y - a [blessed] spellbook of extra healing Potions f - an uncursed potion of water g - a blessed potion of polymorph i - an uncursed potion of full healing m - an [uncursed] ochre potion [of sleeping] D - an [uncursed] ruby potion [of monster detection] Rings d - an uncursed ring of teleportation e - an uncursed ring of teleport control y - an uncursed ring of invisibility (on right hand) Wands c - an uncursed wand of create monster (0:11) O - an uncursed wand of slow monster (0:7) R - a blessed wand of light (0:14) U - an uncursed wand of digging (0:7) Z - an uncursed wand of fire (0:7) Tools n - an uncursed magic marker (0:54) u - an [uncursed +0] unicorn horn A - an [uncursed] magic whistle C - an [uncursed] lock pick S - an [uncursed] tinning kit [0:57] Spells known in the end: Name Level Category Fail Memory a - force bolt 1 attack 0% [||||||..] b - detect unseen 3 divination 63% [||||||..] c - healing 1 healing 0% [|||||||.] d - identify 3 divination 63% [|||||||.] e - magic mapping 5 divination 100% [|||||||.] f - extra healing 3 healing 63% [|||||||.] g - protection 1 clerical 0% [||||||||] h - light 1 divination 0% [||||||||] Your skills at the end: Fighting Skills Weapon Skills quarterstaff [Basic / Expert] Spellcasting Skills attack spells [Skilled / Expert] enchantment spells [Basic / Skilled] Final Attributes: You were piously aligned. Hunger level was 771. Your alignment was 34 / 35. Monster difficulty range was 1 - 9. Level difficulty was 10. You resisted cold. You were immune to sleep. You resisted poison. You were magic-protected. You saw invisible. You had infravision. You were invisible to others. You were fast. Your luck was zero. You are dead. Vanquished creatures: a quantum mechanic an ochre jelly 2 chameleons a giant beetle a scorpion a black light 2 vampire bats an orc mummy an owlbear a yeti a lizard a jaguar a dwarf lord a gray unicorn a dust vortex a snake an ape a fire ant 2 snow ants a wood nymph a mountain nymph 2 yellow lights a ghoul 2 straw golems a paper golem a little dog a floating eye a kitten a homunculus a kobold lord 3 rothes a Kop Sergeant a werejackal 2 acid blobs a hobgoblin a giant rat 4 cave spiders 3 yellow molds a green mold 2 Keystone Kops 10 garter snakes a gnome zombie 6 geckos 12 jackals 2 goblins 5 sewer rats 2 grid bugs 2 lichens 5 newts 99 creatures vanquished. Voluntary challenges: You were an atheist. You used a wielded weapon 94 times. You read items or engraved 49 times. You put on armor 1 time. You never genocided any monsters. You never polymorphed an object. You never changed form. You used no wishes. You wrote Elbereth's name 24 times. You never encountered a bones level. You never used any Sokoban shortcuts. Dungeon overview: The Dungeons of Doom: levels 1 to 10 Level 1 some fountains a long staircase Level 2 a delicatessen, a fountain a long staircase Level 3 (opposite alignment, detect unseen) a general store, a fountain Level 6 a fountain Level 7 a fountain Level 9 many fountains Level 10 <- You were here History has recorded: On T:1 you entered the Dungeons of Doom to retrieve the Amulet of Yendor! On T:631 you reached level 2 of The Dungeons of Doom. On T:848 you advanced to experience level 2. On T:952 you advanced to experience level 3. On T:1121 you reached level 3 of The Dungeons of Doom. On T:1221 you advanced to experience level 4. On T:1623 you advanced to experience level 5. On T:1873 you reached level 4 of The Dungeons of Doom. On T:2248 you reached level 5 of The Dungeons of Doom. On T:2378 you advanced to experience level 6. On T:2640 you reached level 6 of The Dungeons of Doom. On T:3154 you advanced to experience level 7. On T:3422 you reached level 7 of The Dungeons of Doom. On T:3695 you reached level 8 of The Dungeons of Doom. On T:3991 you advanced to experience level 8. On T:4369 you reached level 9 of The Dungeons of Doom. On T:4946 you reached level 10 of The Dungeons of Doom. Latest messages: [HP+1=10] [HP+1=11] [HP+1=12] [HP+1=13] [HP+1=14] [HP+1=15] [HP+1=16] [HP+1=17] [HP+1=18] [HP+1=19] [HP+1=20] [HP+1=21] [HP+1=22] [HP+1=23] [HP+1=24] You stop waiting. [75 turns] [HP+1=25] You hit the giant zombie! You miss the giant zombie. You hit the giant zombie! The giant zombie hits! (2x) [HP-20=5] You hit the giant zombie! The giant zombie hits! You die... Final status: Goodbye groovejumper the Wizard... You died in The Dungeons of Doom on dungeon level 10 with 8587 points, and 1047 pieces of gold, after 5078 moves. You were level 8 with a maximum of 51 hit points when you died.